[Event "Bamberg-Open 2019"]
[Site "Bamberg"]
[Date "2019.05.31"]
[Round "4.16"]
[White "Ruffenach, Alain"]
[Black "Ammon, Tobias"]
[Result "0-1"]
[ECO "D02"]
[WhiteElo "1936"]
[BlackElo "2151"]
[Annotator "ChessBase"]
[PlyCount "107"]
[EventDate "2019.05.12"]
[EventType "swiss"]
[EventCountry "GER"]
[SourceTitle "playchess.com"]
[Source "ChessBase"]
[SourceQuality "1"]
[TimeControl "40/5400+30:900+30"]

1. d4 d5 2. Nf3 c6 3. e3 Bf5 4. Bd3 Bxd3 5. Qxd3 Nf6 6. c4 e6 7. O-O Bd6 8. Nc3 Nbd7 9. e4 dxe4 10. Nxe4 Nxe4 11. Qxe4 Nf6 12. Qe2 O-O 13. Bg5 Be7 14. Rfd1 Re8 15. Rd3 Nd7 16. h4 h6 17. Bd2 Bxh4 18. Nxh4 Qxh4 19. Rh3 Qf6 20. Qg4 Kh7 21. Rf3 Qg6 22. Qh4 Nf6 23. Rg3 Qh5 24. Qf4 e5 25. dxe5 Qxe5 26. Rxg7+ Kxg7 27. Qxh6+ Kg8 28. Bc3 Ng4 29. Qh4 Qh2+ 30. Qxh2 Nxh2 31. Kxh2 Kh7 32. Kg3 Rad8 33. Rh1+ Kg6 34. Rh4 f5 35. Bd4 Re4 36. Rxe4 fxe4 37. Bxa7 Kf5 38. Be3 Rg8+ 39. Kh3 Rh8+ 40. Kg3 Ra8 41. a3 Ra4 42. c5 Rc4 43. Kh4 Rc2 44. Kh5 Rxb2 45. g4+ Ke6 46. g5 Rb3 47. Kh6 Rxa3 48. g6 Ra1 49. Kh7 Rg1 50. f4 Rg3 51. Bd4 e3 52. f5+ Kxf5 53. g7 Ke4 54. Bf6 0-1

[Event "Bamberg-Open 2019"]
[Site "Bamberg"]
[Date "2019.05.31"]
[Round "4.17"]
[White "Syperek, Sebastian"]
[Black "Ziegenfuss, Holger"]
[Result "0-1"]
[ECO "A04"]
[WhiteElo "2184"]
[BlackElo "2006"]
[Annotator "ChessBase"]
[PlyCount "70"]
[EventDate "2019.05.12"]
[EventType "swiss"]
[EventCountry "GER"]
[SourceTitle "playchess.com"]
[Source "ChessBase"]
[SourceQuality "1"]
[TimeControl "40/5400+30:900+30"]

1. Nf3 c5 2. g3 Nc6 3. Bg2 g6 4. O-O Bg7 5. d3 d6 6. e4 Bd7 7. Nc3 Qc8 8. Re1 Bg4 9. Nd5 Ne5 10. c3 Nf6 11. Nxf6+ Bxf6 12. Bf4 O-O 13. Bxe5 dxe5 14. Qe2 Rd8 15. Qe3 a5 16. a4 Ra6 17. Nd2 Be6 18. b3 Bg7 19. Red1 Rad6 20. Bf1 h5 21. Be2 b6 22. Nc4 Rc6 23. Rac1 Kh7 24. f4 exf4 25. gxf4 Bxc4 26. dxc4 Rcd6 27. Rd5 e6 28. Rxd6 Rxd6 29. e5 Rd7 30. Bd3 Qd8 31. Rd1 Bh6 32. Qf3 Kg8 33. f5 exf5 34. Qe2 Qg5+ 35. Kh1 Qe3 0-1

[Event "Bamberg-Open 2019"]
[Site "Bamberg"]
[Date "2019.05.31"]
[Round "4.18"]
[White "Troyke, Christian"]
[Black "Wichmann, Adrian"]
[Result "1/2-1/2"]
[ECO "A00"]
[WhiteElo "2328"]
[BlackElo "2060"]
[Annotator "ChessBase"]
[PlyCount "45"]
[EventDate "2019.05.12"]
[EventType "swiss"]
[EventCountry "GER"]
[SourceTitle "playchess.com"]
[Source "ChessBase"]
[SourceQuality "1"]
[TimeControl "40/5400+30:900+30"]

1. g3 e5 2. c4 Nf6 3. Bg2 d5 4. cxd5 Nxd5 5. Nc3 Nb6 6. Nf3 Nc6 7. O-O Be7 8. b3 O-O 9. Bb2 f6 10. Rc1 Be6 11. d4 Nxd4 12. Nxd4 exd4 13. Ne4 d3 14. e3 c6 15. Rc3 d2 16. Rc2 Qc8 17. Rxd2 Bd5 18. Qc1 Qf5 19. Nc3 Bxg2 20. Kxg2 Rad8 21. Rfd1 Rxd2 22. Rxd2 Rd8 23. e4 1/2-1/2

[Event "Bamberg-Open 2019"]
[Site "Bamberg"]
[Date "2019.05.31"]
[Round "4.19"]
[White "Hausmann, Kai"]
[Black "Spitzl, Bertram"]
[Result "0-1"]
[ECO "D97"]
[WhiteElo "2057"]
[BlackElo "2176"]
[Annotator "ChessBase"]
[PlyCount "62"]
[EventDate "2019.05.12"]
[EventType "swiss"]
[EventCountry "GER"]
[SourceTitle "playchess.com"]
[Source "ChessBase"]
[SourceQuality "1"]
[TimeControl "40/5400+30:900+30"]

1. d4 Nf6 2. c4 g6 3. Nf3 Bg7 4. Nc3 d5 5. Qb3 dxc4 6. Qxc4 O-O 7. e4 Nc6 8. Be2 Nd7 9. Be3 Nb6 10. Qd3 Bg4 11. Rd1 Qd7 12. d5 Bxf3 13. Bxf3 Ne5 14. Qe2 Na4 15. Bd4 Nxf3+ 16. gxf3 Bxd4 17. Rxd4 Nxc3 18. bxc3 c5 19. Rd1 b5 20. h4 h5 21. Qe3 Kh7 22. Qxc5 Rac8 23. Qa3 Rc7 24. Rd3 Rfc8 25. Ke2 Rc4 26. Rb1 Ra4 27. Qb3 a6 28. d6 exd6 29. Rbd1 Rc6 30. e5 Qe7 31. Rxd6 Rxd6 0-1

[Event "Bamberg-Open 2019"]
[Site "Bamberg"]
[Date "2019.05.31"]
[Round "4.20"]
[White "Korolev, Alexandr"]
[Black "Waffenschmidt, Joachim"]
[Result "1/2-1/2"]
[ECO "B90"]
[WhiteElo "2143"]
[BlackElo "1983"]
[Annotator "ChessBase"]
[PlyCount "82"]
[EventDate "2019.05.12"]
[EventType "swiss"]
[EventCountry "GER"]
[SourceTitle "playchess.com"]
[Source "ChessBase"]
[SourceQuality "1"]
[TimeControl "40/5400+30:900+30"]

1. Nf3 c5 2. e4 d6 3. d4 cxd4 4. Nxd4 Nf6 5. Nc3 a6 6. Be3 e5 7. Nb3 Be7 8. f3 Be6 9. Qd2 Nbd7 10. O-O-O h5 11. h4 b5 12. Kb1 Rc8 13. Be2 Nb6 14. Na5 b4 15. Nb7 bxc3 16. Nxd8 Bxa2+ 17. Kxa2 cxd2 18. Bxb6 Bxd8 19. Bxd8 Kxd8 20. Rxd2 Ke7 21. Ra1 Rc5 22. b4 Rc6 23. Kb3 Ra8 24. Bc4 Rb6 25. Ra5 Nd7 26. Bd5 Rab8 27. c3 Nc5+ 28. Kc4 Ne6 29. Bxe6 Kxe6 30. Rda2 Rc8+ 31. Kb3 Rbc6 32. Rc2 f5 33. exf5+ Kxf5 34. g3 Ke6 35. c4 Rb8 36. Rc3 Rcb6 37. Ra4 d5 38. cxd5+ Kxd5 39. Ra5+ Rb5 40. Rxb5+ axb5 41. Rd3+ Ke6 1/2-1/2

[Event "Bamberg-Open 2019"]
[Site "Bamberg"]
[Date "2019.05.31"]
[Round "4.21"]
[White "Krauseneck, Peter"]
[Black "Miettinen, Teemu"]
[Result "1/2-1/2"]
[ECO "A01"]
[WhiteElo "2136"]
[BlackElo "2017"]
[Annotator "ChessBase"]
[PlyCount "148"]
[EventDate "2019.05.12"]
[EventType "swiss"]
[EventCountry "GER"]
[SourceTitle "playchess.com"]
[Source "ChessBase"]
[SourceQuality "1"]
[TimeControl "40/5400+30:900+30"]

1. b3 e5 2. Bb2 Nc6 3. c4 Nf6 4. Nc3 d5 5. cxd5 Nxd5 6. g3 Nxc3 7. dxc3 Qxd1+ 8. Rxd1 Bd7 9. Bg2 Bd6 10. Nf3 O-O 11. O-O Bg4 12. h3 Bxf3 13. Bxf3 Rae8 14. Bxc6 bxc6 15. e4 f6 16. Rd3 Rb8 17. Bc1 Rb5 18. Be3 Ra5 19. Rd2 c5 20. c4 g6 21. g4 f5 22. exf5 gxf5 23. gxf5 Rxf5 24. f3 Rh5 25. Rg2+ Kf7 26. Kh2 Ra6 27. Rd1 e4+ 28. f4 Rf5 29. Rf2 Ke6 30. Rg1 Rb6 31. Rg7 h5 32. Rg8 Be7 33. Ra8 a6 34. Rg2 Rd6 35. Rg6+ Bf6 36. Rg2 Bd4 37. Re8+ Kd7 38. Rxe4 Bxe3 39. Rxe3 Rxf4 40. Re5 h4 41. Rxc5 Rd3 42. Rh5 a5 43. Rxa5 Rff3 44. Rd5+ Rxd5 45. cxd5 Kd6 46. Rd2 Rc3 47. b4 Ra3 48. Kg2 Rg3+ 49. Kh2 Ra3 50. Rd4 Rxa2+ 51. Kg1 Ke5 52. Rxh4 Kxd5 53. Rg4 Ke5 54. Rc4 Rb2 55. h4 Kd5 56. Rg4 Ke6 57. Kf1 Kf5 58. Rc4 Ke6 59. Ke1 Kd5 60. Rg4 Rh2 61. Kd1 Kc6 62. Rc4+ Kb5 63. Re4 Kc6 64. Rd4 Kb5 65. Ke1 c5 66. bxc5 Kxc5 67. Rg4 Kd5 68. Kf1 Ke6 69. Kg1 Ra2 70. Rf4 Ke5 71. Rf3 Ra4 72. Rh3 Kf6 73. Kg2 Kg6 74. Rh1 Kh5 1/2-1/2

[Event "Bamberg-Open 2019"]
[Site "Bamberg"]
[Date "2019.05.31"]
[Round "4.22"]
[White "Legahn, Dirk"]
[Black "Spitzl, Philipp"]
[Result "1-0"]
[ECO "D00"]
[WhiteElo "2132"]
[BlackElo "2013"]
[Annotator "ChessBase"]
[PlyCount "81"]
[EventDate "2019.05.12"]
[EventType "swiss"]
[EventCountry "GER"]
[SourceTitle "playchess.com"]
[Source "ChessBase"]
[SourceQuality "1"]
[TimeControl "40/5400+30:900+30"]

1. d4 d5 2. Bf4 e6 3. e3 Nf6 4. Nd2 b6 5. c3 Bd6 6. Bg3 O-O 7. Ngf3 c5 8. Ne5 Qc7 9. f4 Ne4 10. Nxe4 dxe4 11. a3 Ba6 12. Bxa6 Nxa6 13. O-O f5 14. Qb3 Rfe8 15. d5 Rac8 16. dxe6 c4 17. Qb5 Nb8 18. Qd5 Qc5 19. Rad1 Qxd5 20. Rxd5 Rxe6 21. Rfd1 Bxe5 22. fxe5 Rce8 23. R1d4 Nc6 24. Rxc4 Nxe5 25. Rc7 Ng4 26. Rdd7 Rg6 27. Bf4 a6 28. h3 Nf6 29. Rd6 Nh5 30. Rxg6 hxg6 31. Bg5 Re6 32. c4 Nf6 33. b4 Rd6 34. Ra7 b5 35. c5 Rc6 36. Bxf6 Rxf6 37. h4 f4 38. exf4 Rxf4 39. c6 e3 40. c7 e2 41. c8=Q+ 1-0

[Event "Bamberg-Open 2019"]
[Site "Bamberg"]
[Date "2019.05.31"]
[Round "4.23"]
[White "Rempeli, Alex"]
[Black "Grosshans, Ralf-Michael"]
[Result "1-0"]
[ECO "A53"]
[WhiteElo "2016"]
[BlackElo "2128"]
[Annotator "ChessBase"]
[PlyCount "117"]
[EventDate "2019.05.12"]
[EventType "swiss"]
[EventCountry "GER"]
[SourceTitle "playchess.com"]
[Source "ChessBase"]
[SourceQuality "1"]
[TimeControl "40/5400+30:900+30"]

1. d4 Nf6 2. c4 d6 3. Nc3 Nbd7 4. e4 e5 5. Nf3 c6 6. Be2 Qc7 7. O-O Be7 8. Be3 O-O 9. d5 Nc5 10. Qc2 a5 11. Nd2 h6 12. b3 Nh7 13. g3 Bh3 14. Rfe1 f5 15. Bxc5 dxc5 16. exf5 Bxf5 17. Bd3 Bxd3 18. Qxd3 Ng5 19. Nce4 Nf7 20. Nf1 Rad8 21. Rad1 Ng5 22. Nxg5 Bxg5 23. Qe4 Qf7 24. Re2 cxd5 25. Rxd5 Rxd5 26. cxd5 Rd8 27. h4 Bf6 28. Ne3 b5 29. Rc2 Qc7 30. a4 Qb6 31. axb5 Qxb5 32. Qc4 Qb6 33. Qxc5 Qxb3 34. Qxa5 Qb1+ 35. Kg2 Qb7 36. Qc5 Qa6 37. Rc4 h5 38. Qc6 Qa3 39. Qe6+ Kh8 40. Qf5 Qb3 41. Qxh5+ Kg8 42. Qf5 Qb7 43. h5 Rf8 44. h6 gxh6 45. Rc6 Bg7 46. Qe6+ Kh8 47. Rc2 Rd8 48. Kh2 Qd7 49. Qg6 Bf8 50. Nf5 Bg7 51. d6 Qa7 52. Kg2 Qb7+ 53. f3 e4 54. Rc7 Qb2+ 55. Kh3 Rg8 56. Rxg7 Rxg7 57. Qxg7+ Qxg7 58. Nxg7 e3 59. Kg2 1-0

[Event "Bamberg-Open 2019"]
[Site "Bamberg"]
[Date "2019.05.31"]
[Round "4.24"]
[White "Syed, Tareq"]
[Black "Schnicke, Robert"]
[Result "1-0"]
[ECO "A21"]
[WhiteElo "2001"]
[BlackElo "2127"]
[Annotator "ChessBase"]
[PlyCount "88"]
[EventDate "2019.05.12"]
[EventType "swiss"]
[EventCountry "GER"]
[SourceTitle "playchess.com"]
[Source "ChessBase"]
[SourceQuality "1"]
[TimeControl "40/5400+30:900+30"]

1. d3 e5 2. g3 g6 3. Bg2 Bg7 4. c4 Ne7 5. Nc3 d6 6. Rb1 c6 7. Bd2 Be6 8. Qc1 f5 9. Bh6 O-O 10. h4 f4 11. Bxg7 Kxg7 12. h5 g5 13. h6+ Kh8 14. Ne4 g4 15. Qc3 Ng6 16. Qb4 Qe7 17. Qxd6 Nd7 18. Qxe7 Nxe7 19. Ng5 Bf5 20. Be4 Nf6 21. Bxf5 Nxf5 22. gxf4 exf4 23. Ne6 Rg8 24. Nxf4 Rae8 25. Kd2 g3 26. fxg3 Nxg3 27. Rh3 Rg4 28. e3 Nf5 29. Nge2 Ng8 30. Rbh1 Nfxh6 31. Rxh6 Nxh6 32. Rxh6 Kg7 33. Rd6 Re7 34. Nd4 Kh8 35. Nf5 Re8 36. Rd7 Rf8 37. Nd6 Rf6 38. Nxb7 Rh6 39. Nd6 Rh2+ 40. Kc3 Kg8 41. Rxa7 h5 42. Ne4 Rxf4 43. exf4 h4 44. Nf6+ Kf8 1-0

[Event "Bamberg-Open 2019"]
[Site "Bamberg"]
[Date "2019.05.31"]
[Round "4.25"]
[White "Hoekstra, Peter"]
[Black "Schliebener, Stephan"]
[Result "1-0"]
[ECO "B06"]
[WhiteElo "1979"]
[BlackElo "2117"]
[Annotator "ChessBase"]
[PlyCount "51"]
[EventDate "2019.05.12"]
[EventType "swiss"]
[EventCountry "GER"]
[SourceTitle "playchess.com"]
[Source "ChessBase"]
[SourceQuality "1"]
[TimeControl "40/5400+30:900+30"]

1. e4 d6 2. d4 g6 3. Nc3 Bg7 4. Be3 a6 5. f4 Nd7 6. Nf3 b5 7. Bd3 Bb7 8. e5 e6 9. O-O Ne7 10. Qe1 Nf5 11. Rd1 Nxe3 12. Qxe3 b4 13. Ne2 Qe7 14. Ng3 h5 15. Ng5 d5 16. h4 c5 17. c3 c4 18. Bc2 O-O 19. Qe2 bxc3 20. bxc3 Bh6 21. Nxh5 gxh5 22. Qxh5 Kg7 23. f5 exf5 24. Bxf5 Rh8 25. Ne6+ Qxe6 26. Qg4+ 1-0

[Event "Bamberg-Open 2019"]
[Site "Bamberg"]
[Date "2019.05.31"]
[Round "4.26"]
[White "Ziegenfuss, Antonia"]
[Black "Dehmel, Jens"]
[Result "1-0"]
[ECO "D10"]
[WhiteElo "2111"]
[BlackElo "2006"]
[Annotator "ChessBase"]
[PlyCount "81"]
[EventDate "2019.05.12"]
[EventType "swiss"]
[EventCountry "GER"]
[SourceTitle "playchess.com"]
[Source "ChessBase"]
[SourceQuality "1"]
[TimeControl "40/5400+30:900+30"]

1. d4 d5 2. c4 c6 3. Nc3 Nf6 4. cxd5 cxd5 5. f3 Nc6 6. e4 e6 7. e5 Ng8 8. Be3 Nge7 9. Bf2 Nf5 10. Bb5 Bd7 11. Nge2 Be7 12. O-O Nb4 13. Bxd7+ Qxd7 14. a3 Nc6 15. b4 O-O 16. Rc1 a5 17. Na4 Qd8 18. b5 Na7 19. Qb3 Rc8 20. Rxc8 Nxc8 21. b6 f6 22. Rc1 Rf7 23. Nf4 Qe8 24. Nxe6 Bxa3 25. Nc7 Qf8 26. Ra1 Bb4 27. e6 Rxc7 28. bxc7 Qd6 29. Nc3 Nfe7 30. Na2 Bd2 31. Qxb7 Qxe6 32. Nc1 Bc3 33. Rb1 Bxd4 34. Nd3 Bc3 35. Qb3 Bd2 36. Rd1 Bh6 37. Re1 Qd7 38. Qb8 Kf7 39. Nc5 Qc6 40. Nb7 Bd2 41. Nd8+ 1-0

[Event "Bamberg-Open 2019"]
[Site "Bamberg"]
[Date "2019.06.01"]
[Round "5.2"]
[White "Plat, Vojtech"]
[Black "Kurayan, Ruslan"]
[Result "1/2-1/2"]
[ECO "E62"]
[WhiteElo "2540"]
[BlackElo "2374"]
[Annotator "ChessBase"]
[PlyCount "115"]
[EventDate "2019.05.12"]
[EventType "swiss"]
[EventCountry "GER"]
[SourceTitle "playchess.com"]
[Source "ChessBase"]
[SourceQuality "1"]
[TimeControl "40/5400+30:900+30"]

1. d4 Nf6 2. c4 g6 3. g3 Bg7 4. Bg2 O-O 5. Nc3 d6 6. Nf3 Nc6 7. O-O Bf5 8. Re1 Ne4 9. Nd5 Bd7 10. Ng5 Nxg5 11. Bxg5 Re8 12. Be3 e6 13. Nc3 e5 14. dxe5 Nxe5 15. Bd4 c5 16. Bxe5 Bxe5 17. Qd2 Bc6 18. Bxc6 bxc6 19. Rac1 Qa5 20. b3 Bxc3 21. Rxc3 d5 22. cxd5 cxd5 23. Rec1 d4 24. R3c2 Qxd2 25. Rxd2 Re5 26. Rc4 Rb8 27. f4 Rf5 28. Ra4 Rb7 29. Ra5 h5 30. Kf2 Kg7 31. Kf3 Re7 32. Rc2 c4 33. Rxf5 cxb3 34. Rxf7+ Kxf7 35. axb3 Re3+ 36. Kf2 Rxb3 37. Rc7+ Ke6 38. Rc6+ Kf5 39. Rd6 Rb4 40. h4 Ra4 41. Rd5+ Kf6 42. Rg5 Ra2 43. Rd5 Ra4 44. g4 hxg4 45. Kg3 Ra3+ 46. Kxg4 Re3 47. Rxd4 Rxe2 48. Ra4 Rg2+ 49. Kf3 Rh2 50. Kg3 Rh1 51. Rxa7 Rg1+ 52. Kf3 Rf1+ 53. Ke3 Rh1 54. Rh7 Kf5 55. Rf7+ Ke6 56. Rh7 Kf5 57. Rf7+ Ke6 58. Rh7 1/2-1/2

[Event "Bamberg-Open 2019"]
[Site "Bamberg"]
[Date "2019.06.01"]
[Round "5.3"]
[White "Scholz, Christian"]
[Black "Pacher, Milan"]
[Result "0-1"]
[ECO "E12"]
[WhiteElo "2372"]
[BlackElo "2396"]
[Annotator "ChessBase"]
[PlyCount "92"]
[EventDate "2019.05.12"]
[EventType "swiss"]
[EventCountry "GER"]
[SourceTitle "playchess.com"]
[Source "ChessBase"]
[SourceQuality "1"]
[TimeControl "40/5400+30:900+30"]

1. d4 Nf6 2. c4 e6 3. Nf3 b6 4. a3 Bb7 5. Nc3 g6 6. d5 exd5 7. cxd5 Bg7 8. e4 O-O 9. Bd3 c6 10. d6 c5 11. O-O Nc6 12. h3 Nd4 13. Re1 Ne8 14. Bf4 Qf6 15. Bg3 Nxf3+ 16. Qxf3 Qxf3 17. gxf3 Nf6 18. Rad1 Nh5 19. Kg2 g5 20. Bc4 Rae8 21. Nb5 Bxb2 22. Rb1 Nxg3 23. Rxb2 Nh5 24. Nxa7 Ra8 25. Nb5 Bc6 26. Re3 Ra4 27. Rc3 Rfa8 28. Rbb3 Nf4+ 29. Kg3 Kg7 30. Nc7 Rb8 31. Rc2 Kf6 32. Bb5 Bxb5 33. Nxb5 Ke5 34. Nc3 Rc4 35. Rd2 b5 36. Rxb5 Rxb5 37. Nxb5 Rc1 38. Kh2 c4 39. a4 c3 40. Rd4 Rf1 41. Rc4 Rxf2+ 42. Kg1 Nxh3+ 43. Kh1 c2 44. a5 Nf4 45. Rc5+ Kf6 46. e5+ Kg6 0-1

[Event "Bamberg-Open 2019"]
[Site "Bamberg"]
[Date "2019.06.01"]
[Round "5.4"]
[White "Stets, Dmitry"]
[Black "Weishaeutel, Moritz"]
[Result "1-0"]
[ECO "B80"]
[WhiteElo "2391"]
[BlackElo "2252"]
[Annotator "ChessBase"]
[PlyCount "53"]
[EventDate "2019.05.12"]
[EventType "swiss"]
[EventCountry "GER"]
[SourceTitle "playchess.com"]
[Source "ChessBase"]
[SourceQuality "1"]
[TimeControl "40/5400+30:900+30"]

1. e4 c5 2. Nf3 d6 3. d4 cxd4 4. Nxd4 Nf6 5. Nc3 a6 6. Be3 e6 7. Qd2 b5 8. f3 Nbd7 9. O-O-O Bb7 10. g4 Nb6 11. Bd3 Rc8 12. Kb1 Nfd7 13. g5 Ne5 14. Qe1 d5 15. exd5 Nxd5 16. Nxd5 Bxd5 17. Bf4 Nxd3 18. Rxd3 Bd6 19. Nxe6 Bxe6 20. Bxd6 Qxg5 21. Rg1 Qf5 22. Rxg7 Kd7 23. f4 Rc6 24. Be5+ Kc8 25. Qh1 Kb7 26. Rg5 Bxa2+ 27. Ka1 1-0

[Event "Bamberg-Open 2019"]
[Site "Bamberg"]
[Date "2019.06.01"]
[Round "5.5"]
[White "Langheinrich, Ferenc"]
[Black "Berghof, Axel"]
[Result "1/2-1/2"]
[ECO "A48"]
[WhiteElo "2379"]
[BlackElo "2155"]
[Annotator "ChessBase"]
[PlyCount "42"]
[EventDate "2019.05.12"]
[EventType "swiss"]
[EventCountry "GER"]
[SourceTitle "playchess.com"]
[Source "ChessBase"]
[SourceQuality "1"]
[TimeControl "40/5400+30:900+30"]

1. d4 Nf6 2. Nf3 g6 3. e3 Bg7 4. b4 O-O 5. Bb2 d5 6. Nbd2 Qd6 7. a3 Bg4 8. Be2 Nbd7 9. c4 c6 10. Qc2 Bf5 11. Bd3 Bxd3 12. Qxd3 Ng4 13. h3 Nh6 14. cxd5 cxd5 15. O-O f5 16. Rac1 Rfc8 17. Qb5 Nb6 18. Ne5 Nf7 19. f4 Qe6 20. Qe2 Nd6 21. Nb3 Rxc1 1/2-1/2

[Event "Bamberg-Open 2019"]
[Site "Bamberg"]
[Date "2019.06.01"]
[Round "5.6"]
[White "Ammon, Tobias"]
[Black "Spitzl, Vinzent"]
[Result "1/2-1/2"]
[ECO "B15"]
[WhiteElo "2151"]
[BlackElo "2263"]
[Annotator "ChessBase"]
[PlyCount "66"]
[EventDate "2019.05.12"]
[EventType "swiss"]
[EventCountry "GER"]
[SourceTitle "playchess.com"]
[Source "ChessBase"]
[SourceQuality "1"]
[TimeControl "40/5400+30:900+30"]

1. e4 c6 2. d4 d5 3. Nd2 dxe4 4. Nxe4 Nf6 5. Nxf6+ exf6 6. c3 Bd6 7. Bd3 O-O 8. Qc2 h5 9. Ne2 Re8 10. O-O h4 11. h3 Nd7 12. Bd2 Nf8 13. Rad1 f5 14. Rfe1 g6 15. Qc1 Ne6 16. Nf4 Qc7 17. Nxe6 Bxe6 18. c4 f6 19. Re2 Bf7 20. Rde1 Rxe2 21. Rxe2 Rd8 22. Bc3 Bf4 23. Qe1 Rd7 24. b3 Qd6 25. a4 b6 26. Qa1 Kg7 27. Re1 c5 28. d5 Re7 29. Rxe7 Qxe7 30. Qe1 Qd6 31. Qe2 Bh2+ 32. Kh1 Be5 33. Bd2 a5 1/2-1/2

[Event "Bamberg-Open 2019"]
[Site "Bamberg"]
[Date "2019.06.01"]
[Round "5.7"]
[White "Pribyl, Josef"]
[Black "Becker, Tobias"]
[Result "1/2-1/2"]
[ECO "A46"]
[WhiteElo "2239"]
[BlackElo "2019"]
[Annotator "ChessBase"]
[PlyCount "30"]
[EventDate "2019.05.12"]
[EventType "swiss"]
[EventCountry "GER"]
[SourceTitle "playchess.com"]
[Source "ChessBase"]
[SourceQuality "1"]
[TimeControl "40/5400+30:900+30"]

1. d4 Nf6 2. Nf3 e6 3. g3 d5 4. Bg2 Be7 5. c4 O-O 6. Qc2 dxc4 7. Qxc4 a6 8. O-O b5 9. Qc2 Bb7 10. Bf4 Nc6 11. Rd1 Nb4 12. Qc1 Nbd5 13. Bd2 c5 14. dxc5 Ne4 15. Nc3 Nxc5 1/2-1/2

[Event "Bamberg-Open 2019"]
[Site "Bamberg"]
[Date "2019.06.01"]
[Round "5.8"]
[White "Mooser, Stefan"]
[Black "Birkner, Frank"]
[Result "1-0"]
[ECO "A40"]
[WhiteElo "2215"]
[BlackElo "1784"]
[Annotator "ChessBase"]
[PlyCount "79"]
[EventDate "2019.05.12"]
[EventType "swiss"]
[EventCountry "GER"]
[SourceTitle "playchess.com"]
[Source "ChessBase"]
[SourceQuality "1"]
[TimeControl "40/5400+30:900+30"]

1. d4 e6 2. c4 f5 3. Nf3 Nf6 4. g3 d5 5. Bg2 c6 6. O-O Bd6 7. b3 Qe7 8. Bb2 O-O 9. Nbd2 Nbd7 10. Ne5 Ne4 11. Ndf3 Ndf6 12. Nd3 Bd7 13. Nfe5 Be8 14. f3 Ng5 15. Qd2 Nf7 16. Rae1 Rd8 17. Qc2 Ng5 18. Bc1 Nd7 19. Bf4 Nxe5 20. Bxe5 Bg6 21. cxd5 cxd5 22. Bxd6 Qxd6 23. Qd2 Nf7 24. Rc1 b6 25. Rc3 Rc8 26. Rfc1 Rxc3 27. Rxc3 Rd8 28. f4 Nh6 29. Qc1 Be8 30. Bf3 Nf7 31. Rc7 a5 32. Rb7 Bb5 33. Ne5 Nxe5 34. fxe5 Qb4 35. Qc7 Qxd4+ 36. Kg2 Rd7 37. Qc8+ Kf7 38. Rxd7+ Bxd7 39. Qxd7+ Kf8 40. Qxe6 1-0

[Event "Bamberg-Open 2019"]
[Site "Bamberg"]
[Date "2019.06.01"]
[Round "5.9"]
[White "Gegenfurtner, Juergen"]
[Black "Wehner, Janis"]
[Result "1-0"]
[ECO "B34"]
[WhiteElo "2323"]
[BlackElo "2128"]
[Annotator "ChessBase"]
[PlyCount "89"]
[EventDate "2019.05.12"]
[EventType "swiss"]
[EventCountry "GER"]
[SourceTitle "playchess.com"]
[Source "ChessBase"]
[SourceQuality "1"]
[TimeControl "40/5400+30:900+30"]

1. e4 c5 2. Nf3 Nc6 3. d4 cxd4 4. Nxd4 Nf6 5. Nc3 e5 6. Ndb5 d6 7. Nd5 Nxd5 8. exd5 Ne7 9. c4 Ng6 10. Be2 Be7 11. O-O O-O 12. Be3 a6 13. Nc3 f5 14. f3 Bg5 15. Qd2 Bf4 16. Rfe1 Qg5 17. Bf1 Bxe3+ 18. Qxe3 Qxe3+ 19. Rxe3 Bd7 20. Ree1 Rfc8 21. Rec1 Rc7 22. Kf2 Ne7 23. Ke1 Nc8 24. Kd2 Nb6 25. b3 Be8 26. Bd3 g6 27. g3 Nd7 28. f4 Bf7 29. Re1 Kg7 30. Rac1 Kf6 31. Re3 Rac8 32. Bf1 Rc5 33. a4 R5c7 34. a5 h6 35. Bd3 Nc5 36. Bc2 Nd7 37. Rf1 exf4 38. gxf4 Re8 39. Rxe8 Bxe8 40. Ke3 Nf8 41. Kd4 Bd7 42. b4 g5 43. fxg5+ hxg5 44. Ne4+ Ke7 45. Nxd6 1-0

[Event "Bamberg-Open 2019"]
[Site "Bamberg"]
[Date "2019.06.01"]
[Round "5.10"]
[White "Ziegenfuss, Holger"]
[Black "Delitzsch, Juergen"]
[Result "1-0"]
[ECO "B27"]
[WhiteElo "2006"]
[BlackElo "2175"]
[Annotator "ChessBase"]
[PlyCount "105"]
[EventDate "2019.05.12"]
[EventType "swiss"]
[EventCountry "GER"]
[SourceTitle "playchess.com"]
[Source "ChessBase"]
[SourceQuality "1"]
[TimeControl "40/5400+30:900+30"]

1. e4 c5 2. Nf3 g6 3. c4 Nc6 4. Nc3 Bg7 5. Bd3 e6 6. Bc2 Nge7 7. d3 O-O 8. O-O a6 9. Ba4 h6 10. Rb1 b6 11. Bf4 d6 12. a3 Bb7 13. Qc1 Kh7 14. b4 Nd4 15. Nxd4 cxd4 16. Ne2 Rc8 17. Qd2 e5 18. Bg3 f5 19. f3 Ng8 20. Rfc1 h5 21. Qe1 Bh6 22. Rc2 Be3+ 23. Kh1 fxe4 24. fxe4 Rc7 25. c5 b5 26. Bb3 Nf6 27. Ng1 g5 28. h3 h4 29. Bf2 Bf4 30. Ne2 Nh5 31. Qd1 Kh6 32. Be6 Bc8 33. Bg4 Ng7 34. Nxf4 Rxf4 35. Bf3 dxc5 36. bxc5 Qf6 37. Bg1 Bxh3 38. Bh2 Bc8 39. Bxf4 Qxf4 40. Qc1 Qf6 41. a4 Bd7 42. axb5 axb5 43. Qf1 g4 44. Be2 Qg6 45. Qf2 Qg5 46. Rf1 Rc6 47. Qf7 Be8 48. Qf8 Kh7 49. Ra2 Rg6 50. Ra7 Qe3 51. Rf5 Qc1+ 52. Bf1 Qh6 53. Qxe8 1-0

[Event "Bamberg-Open 2019"]
[Site "Bamberg"]
[Date "2019.06.01"]
[Round "5.11"]
[White "Hirneise, Jens"]
[Black "Dannhaeuser, Kevin"]
[Result "1-0"]
[ECO "B01"]
[WhiteElo "2375"]
[BlackElo "2095"]
[Annotator "ChessBase"]
[PlyCount "127"]
[EventDate "2019.05.12"]
[EventType "swiss"]
[EventCountry "GER"]
[SourceTitle "playchess.com"]
[Source "ChessBase"]
[SourceQuality "1"]
[TimeControl "40/5400+30:900+30"]

1. e4 d5 2. exd5 Nf6 3. Nf3 Nxd5 4. d4 g6 5. c4 Nb6 6. Nc3 Bg7 7. c5 Nd5 8. Bc4 c6 9. Qb3 O-O 10. a4 Nc7 11. O-O Nba6 12. h3 Be6 13. Rd1 Bxc4 14. Qxc4 Nd5 15. Nxd5 Qxd5 16. Qxd5 cxd5 17. Bd2 Nc7 18. b4 Ne6 19. Rab1 Rfc8 20. Be3 b5 21. axb5 Rcb8 22. Ra1 Rxb5 23. Ra4 Bf6 24. Ne1 Nd8 25. Nc2 Nc6 26. Rd3 Rab8 27. Bd2 Kg7 28. Na3 R5b7 29. b5 Rxb5 30. Nxb5 Rxb5 31. Ra6 Rb1+ 32. Kh2 Nb4 33. Bxb4 Rxb4 34. Rxa7 Bxd4 35. Rxe7 Bxc5 36. Rd7 Rf4 37. f3 d4 38. Rd5 Bb6 39. Rd7 Rf6 40. Kg3 Rc6 41. f4 Kf6 42. Kf3 Ke6 43. Rb7 Rd6 44. g4 Kf6 45. g5+ Kg7 46. Ke4 Bc5 47. h4 Re6+ 48. Kd5 Bb6 49. h5 gxh5 50. f5 Re2 51. Rxb6 Rg2 52. Ke5 Rxg5 53. Rxd4 Rg1 54. Rb3 f6+ 55. Kd6 Kh6 56. Ke6 Kg5 57. Kf7 h4 58. Rh3 Rg4 59. Rxg4+ Kxg4 60. Rh1 Kxf5 61. Rxh4 Kg5 62. Rxh7 f5 63. Ke6 f4 64. Ke5 1-0

[Event "Bamberg-Open 2019"]
[Site "Bamberg"]
[Date "2019.06.01"]
[Round "5.12"]
[White "Stauch, Edgar"]
[Black "Fiedorek, Michal"]
[Result "0-1"]
[ECO "A20"]
[WhiteElo "2207"]
[BlackElo "2088"]
[Annotator "ChessBase"]
[PlyCount "42"]
[EventDate "2019.05.12"]
[EventType "swiss"]
[EventCountry "GER"]
[SourceTitle "playchess.com"]
[Source "ChessBase"]
[SourceQuality "1"]
[TimeControl "40/5400+30:900+30"]

1. c4 e5 2. g3 Nf6 3. Bg2 d5 4. cxd5 Nxd5 5. Nc3 Nb6 6. Nf3 Nc6 7. Rb1 a5 8. O-O Be7 9. d3 O-O 10. Be3 Be6 11. Bxb6 cxb6 12. Qa4 f5 13. Rbd1 Bf6 14. e4 Kh8 15. exf5 Bxf5 16. Ne4 Rc8 17. a3 Be7 18. Rfe1 Bd7 19. Qb3 Bg4 20. Ned2 Nd4 21. Nxd4 Qxd4 0-1